 Dungeon Crawl Stone Soup version 0.32-a0-132-g2d33c3cfaf (webtiles) character file.

Game seed: 189391489040625147

177 Ceno the Changeling (level 5, -6/34 HPs)
             Began as an Octopode Shapeshifter on Feb 10, 2024.
             Was an Initiate of Ru.
             Mangled by Grinder (8 damage)
             ... while paralysed by Grinder
             ... on level 4 of the Dungeon.
             The game lasted 00:05:00 (2032 turns).

Ceno the Changeling (Octopode Shapeshifter)         Turns: 2032, Time: 00:05:00

Health: -6/34      AC:  1    Str: 15    XL:     5   Next: 57%
Magic:  5/5        EV:  2    Int: 13    God:    Ru [......]
Gold:   202        SH:  0    Dex: 11    Spells: 4/4 levels left

rFire   . .          .
                       - Unarmed
rCold   . . .        (no shield)
rNeg    . . .        (helmet currently unavailable)
rPois   .            (no amulet)
rElec   .            (no ring)
rCorr   .            (no ring)
SInv    .            (no ring)
Will    .....        (no ring)
Stlth   +++          (no ring)
HPRegen 0.25/turn    (no ring)
MPRegen 0.09/turn    (no ring)
                     (no ring)

%: no passive effects
@: paralysed, beast-form
A: beast (slay +2), almost no armour, amphibious, 8 rings, camouflage 1,
gelatinous body 1, (nimble swimmer 1), tentacles
a: Begin Untransformation, Renounce Religion, Sacrifice Nimbleness, Sacrifice
Love, Sacrifice Experience, Reject Sacrifices


You were on level 4 of the Dungeon.
You worshipped Ru.
Ru was noncommittal.
You were a hulking beast.
You visited 1 branch of the dungeon, and saw 4 of its levels.

You collected 202 gold pieces.

Inventory:

Missiles
 e - 23 stones (quivered)
 l - 4 darts of dispersal
Jewellery
 j - a +4 ring of protection
Talismans
 b - a beast talisman
 c - a flux talisman
Scrolls
 d - a scroll of silence {unknown}
 g - a scroll of poison {unknown}
 h - 4 scrolls of identify {unknown}
 k - a scroll of fear {unknown}
 n - 2 scrolls of immolation {unknown}
 o - 2 scrolls of teleportation {unknown}
 q - a scroll of enchant armour {unknown}
Potions
 a - a potion of lignification
 f - 2 potions of curing {unknown}
 i - a potion of cancellation {unknown}
 m - a potion of resistance {unknown}
 p - 2 potions of brilliance {unknown}


   Skills:
 + Level 2.3 Fighting
 - Level 2.0 Dodging
 - Level 3.0 Stealth
 + Level 3.8 Unarmed Combat
 * Level 4.3 Shapeshifting


You had 4 spell levels left.
You didn't know any spells.
Your spell library contained the following spells:

 Spells                   Type           Power      Damage    Failure   Level
 Apportation              Tloc           0%         N/A       30%         1
 Jinxbite                 Hex            0%         N/A       43%         2
 Volatile Blastmotes      Fire/Tloc      0%         2d10      67%         3
 Fulminant Prism          Conj/Alch      0%         3d5       97%         4
 Iskenderun's Mystic Bla  Conj/Tloc      0%         2d3       97%         4
 Alistair's Intoxication  Alch           0%         N/A       100%        5


Dungeon Overview and Level Annotations

Branches:
Dungeon (4/15)
 Temple: D:4-7

Altars:
Ru

Annotations:
D:4 Grinder


Innate Abilities, Weirdness & Mutations

You are a hulking beast.
Your limbs bulge with bestial killing power. (Slay +2)
You cannot wear most types of armour.
You are amphibious.
You can wear up to eight rings at the same time.
Your skin changes colour to match your surroundings (Stealth+).
Your rubbery body absorbs attacks. (AC +1, EV +1)
((You are camouflaged when in or above water. (Stealth+)))
You have tentacles for arms and can constrict up to eight enemies at once.


Message History

Grinder is heavily wounded.
Grinder blinks!
Grinder gestures at you.
You suddenly lose the ability to move!
You can move again.
You hit Grinder but do no damage. Your punch misses Grinder.
Grinder is heavily wounded.
You closely miss Grinder.
Grinder is heavily wounded.
Grinder hits you but does no damage.
You closely miss Grinder.
Grinder is heavily wounded.
Grinder hits you but does no damage.
You barely miss Grinder.
Grinder is heavily wounded.
Grinder hits you.
You writhe in agony.
You smack Grinder!
Grinder is severely wounded.
Grinder blinks!
Your transformation is almost over.
Grinder blinks!
Grinder blinks!
You barely miss Grinder.
Grinder is severely wounded.
Grinder hits you but does no damage.
You closely miss Grinder.
Grinder is severely wounded.
You feel less wooden.
You turn into a hulking beast.
Grinder gestures at you.
You suddenly lose the ability to move!
Grinder hits you!
* * * LOW HITPOINT WARNING * * *
Grinder gestures at you. Pain shoots through your body!
* * * LOW HITPOINT WARNING * * *
Grinder hits you!
You die...
Grinder says, "Hey, I wasn't done torturing you yet!"
Ru respects your ultimate sacrifice.

########## ######
#........# #....#
#........# #....##
####......!.# #......
............# #......
#...5....# #......
.###...h....# ##.....
.[........+## #.....
..........+########.....
..................'.....
..$............####.....
#########......####.....
#.........#.....
#.........#.....
#.........######


You could see Grinder.

Vanquished Creatures
  2 hounds (D:4)
  4 adders
  A gnoll (D:2)
  5 dart slugs
  A ribbon worm (D:3)
  5 ball pythons
  7 endoplasms
  3 giant cockroaches
  7 goblins
  7 hobgoblins
  7 kobolds
  2 quokkas (D:1)
  2 bats
  3 frilled lizards
  5 rats
61 creatures vanquished.

Notes
Turn   | Place    | Note
-------+----------+-------------------------------------------
     0 | D:1      | Ceno the Octopode Shapeshifter began the quest for the Orb.
     0 | D:1      | Reached XP level 1. HP: 13/13 MP: 1/1
    60 | D:1      | Reached XP level 2. HP: 18/18 MP: 2/2
    64 | D:1      | Reached skill level 1 in Stealth
   217 | D:1      | Reached XP level 3. HP: 23/23 MP: 3/3
   419 | D:2      | Found a faded altar of an unknown god.
   569 | D:2      | Found a sacrificial altar of Ru.
   580 | D:2      | Became a worshipper of Ru the Awakened
   771 | D:2      | Reached XP level 4. HP: 27/29 MP: 4/4
  1550 | D:3      | Reached skill level 4 in Shapeshifting
  1616 | D:3      | Reached XP level 5. HP: 28/34 MP: 5/5
  1994 | D:4      | Noticed Grinder
  1997 | D:4      | Paralysed by Grinder for 5 turns
  2012 | D:4      | Paralysed by Grinder for 2 turns
  2029 | D:4      | Paralysed by Grinder for 5 turns
  2032 | D:4      | Mangled by Grinder

Illustrated notes

Levels and vault maps discovered:
D:1:      dpeg_arrival_tiny_i, layout_rooms
D:2:      minmay_chambers_of_ones, layout_basic, basic_altar,
          shapermc_ecumenical_altar_mp_urbaneastern
D:3:      layout_basic
D:4:      layout_basic, serial_bayou_lagoon_a, nicolae_specific_store,
          uniq_grinder

Skill      XL: |  1  2  3  4  5 |
---------------+----------------+-----
Stealth        | 1 2 3 |  3.0
Fighting       | 2 |  2.3
Shapeshifting  | 4 |  4.3
Dodging        | |  2.0
Unarmed Combat | |  3.8

Action                     |  1- 3 |  4- 6 || total
---------------------------+-------+-------++-------
  Melee: Unarmed           |    59 |    58 ||   117
         Tentacles         |    14 |     7 ||    21
         Constrict         |    12 |    12 ||    24
  Throw: Stone             |     1 |     1 ||     2
    Use: Potion            |       |     1 ||     1
   Stab: Sleeping          |     6 |     6 ||    12
 Armour: Skin              |    17 |    27 ||    44
  Dodge: Dodged            |    23 |    22 ||    45

Table legend: (Time is in decaauts)
 A = Elapsed time spent in this place.
 B = Non-inter-level travel time spent in this place.
 C = Inter-level travel time spent in this place.
 D = Time resting spent in this place.
 E = Time spent auto-exploring this place.
 F = Levels seen in this place.
 G = Mean time per level.
                   A        B        C        D        E       F      G
               +--------+--------+--------+--------+--------+-----+--------+
         Total |   2024 |   1945 |     79 |     46 |   1382 |   4 |  506.0 |
       Dungeon |   2024 |   1945 |     79 |     46 |   1382 |   4 |  506.0 |
               +--------+--------+--------+--------+--------+-----+--------+

Top non-repeatable levels by time:
     D:2: 943 daAuts
     D:3: 468 daAuts
     D:1: 380 daAuts
     D:4: 231 daAuts
